 Dungeon Crawl Stone Soup version 0.30-a0-800-g7c544603b3 (webtiles) character file.

Game seed: 13941073977189419719

120 sasquatch the Sneak (level 4, 0/30 HPs)
             Began as a Vampire Enchanter on Feb 22, 2023.
             Slain by an endoplasm (1 damage)
             ... on level 3 of the Dungeon.
             The game lasted 00:03:59 (1987 turns).

sasquatch the Sneak (Vampire Enchanter)             Turns: 1987, Time: 00:03:59

Health: 0/30       AC:  2    Str: 11    XL:     4   Next: 75%
Magic:  2/7        EV: 12    Int: 16    God:
Gold:   75         SH:  0    Dex: 15    Spells: 1/7 levels left

rFire   . . .      SeeInvis +    a - +1 dagger
rCold   . . .      Faith    .    (no shield)
rNeg    . . .      Spirit   .    b - +0 robe
rPois   .          Reflect  .    (no helmet)
rElec   .          Harm     .    (no cloak)
rCorr   .          Rampage  .    (no gloves)
Will    .....                    (no boots)
Stlth   +++                      (no amulet)
HPRegen 0.45/turn                (no ring)
MPRegen 0.10/turn                (no ring)

@: confusing by touch, healing quickly, invisible
A: alive, fangs 3, see invisible, vampiric 2, strong 1, evolution 1, inability
to drink after injury 1
a: Exsanguinate


You were on level 3 of the Dungeon.
You visited 1 branch of the dungeon, and saw 3 of its levels.

You collected 75 gold pieces.

Inventory:

Hand Weapons
 a - a +1 dagger (weapon)
 h - a +2 whip of venom
Missiles
 j - 3 poisoned darts (quivered)
Armour
 b - a +0 robe (worn)
Wands
 i - a wand of flame (23)
Scrolls
 d - 2 scrolls of teleportation {unknown}
 e - 4 scrolls of identify {unknown}
 g - a scroll of amnesia {unknown}
 k - a scroll of enchant weapon {unknown}
 o - a scroll of blinking {unknown}
 p - a scroll of enchant armour {unknown}
Potions
 c - a potion of invisibility
 f - a potion of mutation
 l - a potion of ambrosia {unknown}
 m - 2 potions of degeneration {unknown}
 n - a potion of lignification {unknown}


   Skills:
 * Level 3.7 Short Blades
 - Level 2.1 Dodging
 + Level 5.6 Stealth
 - Level 2.0 Spellcasting
 + Level 5.5 Hexes


You had one spell level left.
You knew the following spells:

 Your Spells              Type           Power      Damage    Failure   Level
a - Confusing Touch       Hex            19%        N/A       6%          3
b - Tukima's Dance        Hex            19%        N/A       6%          3

Your spell library contained the following spells:

 Spells                   Type           Power      Damage    Failure   Level
 Ensorcelled Hibernation  Hex/Ice        20%        N/A       10%         2
 Dazzling Flash           Conj/Hex       20%        N/A       21%         3
 Summon Guardian Golem    Hex/Summ       10%        N/A       21%         3
 Orb of Destruction       Conj           0%         9d5       100%        7
 Spellforged Servitor     Conj/Summ      0%         N/A       100%        7


Dungeon Overview and Level Annotations

Branches:
Dungeon (3/15)

Altars:


Innate Abilities, Weirdness & Mutations

Your natural rate of healing is accelerated.
You have razor-sharp teeth.
You have supernaturally acute eyesight. (SInv)
You are afflicted with vampirism and can become a bat while bloodless.
Your muscles are strong. (Str +4, Int/Dex -1)
You have hidden genetic potential.
You occasionally lose the ability to drink potions when taking damage.


Message History

The ball python appears confused.
The ball python is heavily wounded.
The endoplasm hits you. The ball python loses its grip on you.
You are too injured to fight recklessly!
You are too injured to fight recklessly!
You are too injured to fight recklessly!
You hit the ball python but do no damage.
You bite the ball python.
You kill the ball python!
The endoplasm closely misses you.
Casting: Confusing Touch (dangerous; 6% risk of failure)
Confirm with . or Enter, or press ? or * to list all spells.
Your hands begin to glow red.
The endoplasm freezes you.
You are frozen.
The kobold hits you with a +0 whip.
* * * LOW HITPOINT WARNING * * *
You closely miss the kobold. The endoplasm freezes you.
You are frozen.
* * * LOW HITPOINT WARNING * * *
The kobold barely misses you.
You barely miss the endoplasm. You barely miss the endoplasm.
The endoplasm freezes you.
You are frozen.
* * * LOW HITPOINT WARNING * * *
The endoplasm attacks as you move away! The endoplasm barely misses you.
The kobold attacks as you move away! The kobold hits you with a +0 whip.
* * * LOW HITPOINT WARNING * * *
You fade into invisibility!
The endoplasm freezes you.
You are frozen.
* * * LOW HITPOINT WARNING * * *
The kobold closely misses you.
It was a potion of mutation.
You feel extremely strange.
You feel stronger.
You feel a hidden potential growing inside you.
You occasionally lose the ability to drink potions when taking damage.
The endoplasm hits you.
You die...

..###..##.##..#...
..................
....#.......#....
............#..#
#...........#..# #
#......†.......#.#
...............#.#
#..#####JK.......#
#@.!.##.#######
#.............#
#....##.#####.# .
/.....##.# .
###.#..##.# ###.#
#.#..##.# #...#
#.#..##'####
###.#.######........).#
#.....................#


You could see an endoplasm and a kobold (unable to see you).

Vanquished Creatures
  A jelly (D:3)
  4 adders
  A worm (D:2)
  3 dart slugs (D:1)
  An orc (D:2)
  5 bats (D:2)
  3 endoplasms
  2 giant cockroaches
  3 goblins (D:2)
  4 hobgoblins
  2 kobolds (D:2)
  2 quokkas (D:1)
  7 ball pythons
  4 frilled lizards
  3 rats
45 creatures vanquished.

Notes
Turn   | Place    | Note
-------+----------+-------------------------------------------
     0 | D:1      | sasquatch the Vampire Enchanter began the quest for the
                  | Orb.
     0 | D:1      | Reached XP level 1. HP: 13/13 MP: 3/3
   184 | D:1      | Reached XP level 2. HP: 19/19 MP: 5/5
   828 | D:2      | Gained mutation: You are afflicted with vampirism and can
                  | become a bat while bloodless. [Vampire growth]
   828 | D:2      | Reached XP level 3. HP: 20/24 MP: 6/6
   836 | D:2      | Reached skill level 5 in Stealth
   836 | D:2      | Reached skill level 5 in Hexes
   840 | D:2      | Learned a level 3 spell: Confusing Touch
   844 | D:2      | Learned a level 3 spell: Tukima's Dance
  1091 | D:2      | Reached XP level 4. HP: 30/30 MP: 4/7
  1985 | D:3      | HP: 1/30 [kobold/+0 whip (4)]
  1987 | D:3      | Gained mutation: Your muscles are strong. (Str +4, Int/Dex
                  | -1) [potion of mutation]
  1987 | D:3      | Gained mutation: You have hidden genetic potential. [potion
                  | of mutation]
  1987 | D:3      | Gained mutation: You occasionally lose the ability to drink
                  | potions when taking damage. [potion of mutation]
  1987 | D:3      | Slain by an endoplasm

Illustrated notes

Levels and vault maps discovered:
D:1:      lightli_arrival_windingriver, layout_basic
D:2:      layout_basic
D:3:      layout_basic

Skill      XL: |  1  2  3 |
---------------+----------+-----
Short Blades   | 2 3 |  3.7
Stealth        | 5 |  5.6
Hexes          | 5 |  5.5
Dodging        | |  2.1
Spellcasting   | |  2.0

Action                     |  1- 3 |  4- 6 || total
---------------------------+-------+-------++-------
  Melee: Dagger            |   108 |    38 ||   146
         Bite              |    13 |     8 ||    21
  Throw: Dart              |     2 |       ||     2
   Cast: Confusing Touch   |     5 |     4 ||     9
    Use: Potion            |       |     2 ||     2
   Stab: Sleeping          |     7 |     2 ||     9
         Confused          |     3 |     1 ||     4
         Distracted        |     1 |       ||     1
 Armour: Robe              |    19 |     4 ||    23
  Dodge: Dodged            |    57 |    20 ||    77

Table legend: (Time is in decaauts)
 A = Elapsed time spent in this place.
 B = Non-inter-level travel time spent in this place.
 C = Inter-level travel time spent in this place.
 D = Time resting spent in this place.
 E = Time spent auto-exploring this place.
 F = Levels seen in this place.
 G = Mean time per level.
                   A        B        C        D        E       F      G
               +--------+--------+--------+--------+--------+-----+--------+
         Total |   1969 |   1945 |     24 |      4 |   1565 |   3 |  656.3 |
       Dungeon |   1969 |   1945 |     24 |      4 |   1565 |   3 |  656.3 |
               +--------+--------+--------+--------+--------+-----+--------+

Top non-repeatable levels by time:
     D:2: 1057 daAuts
     D:1: 813 daAuts
     D:3: 98 daAuts
